 Dungeon Crawl Stone Soup version 0.31.0-9-g3a7656b989 (webtiles) character file.

Game seed: 17546084518570018484

5683 Gottschkopf the Basher (level 10, -11/83 HPs)
             Began as a Minotaur Fighter on Jan 28, 2024.
             Was a Believer of Ru.
             Mangled by a skeletal warrior
             ... wielding a +0 flail
              (17 damage)
             ... on level 8 of the Dungeon.
             The game lasted 00:16:53 (7857 turns).

Gottschkopf the Basher (Minotaur Fighter)           Turns: 7857, Time: 00:16:54

Health: -11/83     AC: 22    Str: 24    XL:     10   Next: 47%
Magic:  9/9        EV:  9    Int:  5    God:    Ru [**....]
Gold:   289        SH:  5    Dex: 11    Spells: 9/9 levels left

rFire   + . .        A - +6 flail (protect)
rCold   . . .        c - +0 buckler
rNeg    . . .        C - +1 scale mail {rF+}
rPois   .            (helmet restricted)
rElec   .            (no cloak)
rCorr   .            b - +2 pair of gloves
SInv    .            t - +2 pair of boots {Stlth+}
Will    .....        i - amulet of faith
Stlth   +            (no ring)
HPRegen 0.33/turn    (no ring)
MPRegen 0.11/turn

%: faith
@: under a protective aura
A: horns 2, hated by all, retaliatory headbutt
a: Renounce Religion


You were on level 8 of the Dungeon.
You worshipped Ru.
Ru was pleased with you.
You visited 3 branches of the dungeon, and saw 11 of its levels.
You also visited: Sewer.

You collected 289 gold pieces.

Inventory:

Hand Weapons
 a - a +5 dire flail
 A - a +6 flail of protection (weapon)
Armour
 b - a +2 pair of gloves (worn)
 c - a +0 buckler (worn)
 l - a +0 plate armour
 s - the +3 leather armour of Zism {rCorr Int+6}
   (You found it on level 7 of the Dungeon)

   Int+6:     It affects your intelligence (+6).
   rCorr:     It protects you from acid and corrosion.
 t - a +2 pair of boots of stealth (worn)
 C - a +1 scale mail of fire resistance (worn)
Jewellery
 g - an amulet of reflection
 i - an amulet of faith (around neck)
Wands
 z - a wand of iceblast (6)
 B - a wand of flame (17)
Scrolls
 e - 3 scrolls of amnesia {unknown}
 h - 4 scrolls of teleportation
 j - 3 scrolls of immolation
 n - a scroll of poison {unknown}
 p - a scroll of vulnerability {unknown}
 q - 3 scrolls of revelation
 r - 2 scrolls of fear {unknown}
 u - a scroll of blinking {unknown}
 w - a scroll of fog {unknown}
 x - 3 scrolls of noise {unknown}
 y - a scroll of butterflies {unknown}
Potions
 d - a potion of might
 f - 3 potions of enlightenment
 k - a potion of lignification
 m - a potion of attraction
 o - a potion of curing
 v - a potion of invisibility
 D - a potion of heal wounds {unknown}


   Skills:
 - Level 5.7 Fighting
 - Level 11.1 Short Blades
 + Level 12.4 Maces & Flails
 - Level 5.6 Armour
 - Level 5.6 Shields


You had 9 spell levels left.
You didn't know any spells.
Your spell library contained the following spells:

 Spells                   Type           Power      Damage    Failure   Level
 Apportation              Tloc           0%         N/A       82%         1
 Foxfire                  Conj/Fire      0%         2x1d4     82%         1
 Necrotise                Necr           0%         1d4       82%         1
 Sting                    Conj/Alch      0%         1d3       82%         1
 Ensorcelled Hibernation  Hex/Ice        0%         N/A       91%         2
 Jinxbite                 Hex            0%         N/A       91%         2
 Gell's Gravitas          Tloc           0%         N/A       99%         3
 Passwall                 Erth           0%         N/A       99%         3
 Swiftness                Air            0%         N/A       99%         3
 Teleport Other           Tloc           0%         N/A       99%         3
 Yara's Violent Unravell  Hex/Alch       0%         3d3       100%        5
 Dispersal                Tloc           0%         N/A       100%        6
 Plasma Beam              Fire/Air       0%         2x1d10    100%        6
 Starburst                Conj/Fire      0%         6d3       100%        6
 Enfeeble                 Hex            0%         N/A       100%        7
 Summon Small Mammal      Summ           Unusable   N/A       N/A         1

Dungeon Overview and Level Annotations

Branches:
Dungeon (9/15)             Temple (1/1) D:7            Lair (1/5) D:8
  Sewer (visited)
    Orc: D:9-12

Altars:
Ashenzari
Cheibriados
Elyvilon
Gozag
Makhleb
Okawaru
Qazlal
Ru
Sif Muna
Trog
Uskayaw
Vehumet
Wu Jian
Xom
Zin
The Shining One

Shops:
D:3 [   D:5 (

Annotations:
D:8 3 runed translucent doors, kalagan's ghost, novice DECj


Innate Abilities, Weirdness & Mutations

You have a pair of horns on your head.
You are hated by all.
You reflexively headbutt those who attack you in melee.


Message History

The skeletal warrior hits you with a +0 flail!
You barely miss the skeletal warrior.
You headbutt the skeletal warrior, but do no damage.
The skeletal warrior is lightly damaged.
You hit the skeletal warrior but do no damage.
The skeletal warrior is lightly damaged.
You block the skeletal warrior's attack.
You completely miss the skeletal warrior.
You headbutt the skeletal warrior, but do no damage.
The skeletal warrior is lightly damaged.
The skeletal warrior barely misses you.
You hit the skeletal warrior.
You headbutt the skeletal warrior, but do no damage.
The skeletal warrior is moderately damaged.
The skeletal warrior hits you with a +0 flail!
* * * LOW HITPOINT WARNING * * *
You hit the skeletal warrior.
The skeletal warrior is moderately damaged.
You closely miss the skeletal warrior.
The skeletal warrior is moderately damaged.
The skeletal warrior hits you but does no damage.
You sock the skeletal warrior!
You headbutt the skeletal warrior, but do no damage.
The skeletal warrior is heavily damaged.
The skeletal warrior hits you with a +0 flail.
* * * LOW HITPOINT WARNING * * *
You hit the skeletal warrior.
The skeletal warrior is heavily damaged.
The skeletal warrior barely misses you.
You barely miss the skeletal warrior.
You headbutt the skeletal warrior, but do no damage.
The skeletal warrior is heavily damaged.
The skeletal warrior hits you with a +0 flail!
* * * LOW HITPOINT WARNING * * *
You hit the skeletal warrior but do no damage.
The skeletal warrior is heavily damaged.
You barely miss the skeletal warrior.
The skeletal warrior is heavily damaged.
The skeletal warrior hits you with a +0 flail!
You die...

.................#######...###...
########.#.##........###.....§..)
# #......##..........##.≈≈≈§§≈≈ #
##.##..####.......#....≈...... #
#..###......[..........≈.##### #
#.###.....#.###........≈....^#
####.#...###.#.# #.#..###.≈.#._.#
........## #.#.###...####.≈.#....
#.......# #.#..@z.#####..§.#####
.......)####.#...#........≈..§...
.......))..........######.§≈§≈§≈≈
<......)###....#########.........
...#.##.......#######............
##.#.##...##............#########
##.......###....##...#.##
.....##..# #.......#...#
.....##.####........(..##########


You could see a skeletal warrior.

Vanquished Creatures
  A two-headed ogre (D:8)
  Pikel (D:8)
  An oklob plant (D:8)
  Joseph (D:8)
  A komodo dragon (Lair:1)
  Grinder (D:5)
  Prince Ribbit (D:6)
  Sigmund (D:6)
  Eustachio (D:5)
  Edmund (D:6)
  2 water moccasins
  Duvessa (D:6)
  2 black bears
  2 sky beasts (D:7)
  3 ogres
  2 centaurs (D:6)
  A lemure (D:8)
  2 phantoms (D:5)
  Blork the orc (D:5)
  2 bullfrogs
  A kobold brigand (D:8)
  3 scorpions
  2 brain worms (Sewer)
  5 wights (D:6)
  Dowan (D:6)
  6 killer bees (D:7)
  2 hounds (D:5)
  A jelly (D:7)
  2 bombardier beetles
  2 orc priests (D:5)
  An iguana (D:5)
  An orc wizard (D:5)
  5 gnolls
  10 adders
  6 river rats
  A white imp (D:5)
  2 ufetubi (D:5)
  A dart slug (D:4)
  16 orcs
  7 endoplasms
  5 giant cockroaches
  8 goblins
  10 hobgoblins
  4 jackals (D:1)
  11 kobolds
  5 quokkas
  9 ball pythons
  6 bats
  8 frilled lizards
  15 rats
184 creatures vanquished.

Notes
Turn   | Place    | Note
-------+----------+-------------------------------------------
     0 | D:1      | Gottschkopf the Minotaur Fighter began the quest for the
                  | Orb.
     0 | D:1      | Reached XP level 1. HP: 19/19 MP: 0/0
    55 | D:1      | Reached XP level 2. HP: 4/27 MP: 1/1
   374 | D:1      | Reached XP level 3. HP: 33/33 MP: 2/2
  1072 | D:2      | Reached XP level 4. HP: 41/41 MP: 3/3
  1451 | D:3      | Found Zaremim's Armour Shoppe.
  2316 | D:4      | Noticed an ogre
  2324 | D:4      | Killed an ogre
  2325 | D:4      | Reached skill level 5 in Fighting
  2325 | D:4      | Reached skill level 5 in Armour
  2325 | D:4      | Reached skill level 5 in Shields
  2325 | D:4      | Reached XP level 5. HP: 48/48 MP: 4/4
  2908 | D:4      | Noticed an ogre
  2916 | D:4      | Killed an ogre
  2917 | D:4      | Reached XP level 6. HP: 34/57 MP: 5/5
  3146 | D:5      | Entered Level 5 of the Dungeon
  3218 | D:5      | Reached XP level 7. HP: 62/62 MP: 6/6
  3245 | D:5      | Noticed Grinder
  3246 | D:5      | Paralysed by Grinder for 4 turns
  3264 | D:5      | Killed Grinder
  3265 | D:5      | Reached skill level 5 in Short Blades
  3475 | D:5      | Noticed Blork the orc
  3484 | D:5      | Killed Blork the orc
  3646 | D:5      | Reached XP level 8. HP: 70/70 MP: 7/7
  3683 | D:5      | Found a glowing drain.
  3695 | Sewer    | Entered a sewer
  4240 | D:5      | Noticed Eustachio
  4261 | D:5      | Killed Eustachio
  4353 | D:5      | Found a burning altar of Makhleb.
  4481 | D:5      | Found Hippoo's Antique Weapon Emporium.
  4518 | D:6      | Noticed Prince Ribbit
  4523 | D:6      | Reached skill level 10 in Short Blades
  4556 | D:6      | Killed Prince Ribbit
  4658 | D:6      | Reached XP level 9. HP: 52/75 MP: 8/8
  4738 | D:6      | Noticed Edmund
  4751 | D:6      | Killed Edmund
  4782 | D:6      | Noticed Dowan
  4783 | D:6      | Noticed Duvessa
  4789 | D:6      | Killed Dowan
  4802 | D:6      | Killed Duvessa
  4803 | D:6      | Reached skill level 3 in Maces & Flails
  5040 | D:6      | Noticed Sigmund
  5054 | D:6      | Killed Sigmund
  5055 | D:6      | Reached skill level 4 in Maces & Flails
  5114 | D:6      | Reached skill level 5 in Maces & Flails
  5178 | D:6      | Reached skill level 6 in Maces & Flails
  5699 | D:7      | Found a staircase to the Ecumenical Temple.
  5706 | D:7      | Reached skill level 7 in Maces & Flails
  5712 | Temple   | Entered the Ecumenical Temple
  5827 | D:7      | Identified the +3 leather armour of Zism {rCorr Int+6}
  5860 | D:7      | Found a shimmering altar of Xom.
  5926 | Temple   | Became a worshipper of Ru the Awakened
  6001 | D:7      | Reached skill level 8 in Maces & Flails
  6105 | D:7      | Reached skill level 9 in Maces & Flails
  6767 | D:8      | Found a staircase to the Lair.
  6965 | D:8      | Found a bloodstained altar of Trog.
  7033 | D:8      | Found a blossoming altar of Fedhas.
  7067 | D:8      | Noticed Pikel
  7087 | D:8      | Killed Pikel
  7088 | D:8      | Reached skill level 10 in Maces & Flails
  7088 | D:8      | Reached XP level 10. HP: 78/83 MP: 9/9
  7118 | D:8      | Noticed an oklob plant
  7176 | D:8      | Killed an oklob plant
  7270 | D:8      | Found an opulent altar of Gozag.
  7288 | D:8      | Noticed a two-headed ogre
  7295 | D:8      | Killed a two-headed ogre
  7296 | D:8      | Reached skill level 11 in Maces & Flails
  7376 | D:8      | Noticed Joseph
  7390 | D:8      | Killed Joseph
  7391 | D:8      | Reached skill level 12 in Maces & Flails
  7462 | D:8      | Found a runed translucent gate.
  7462 | D:8      | Found a runed translucent gate.
  7462 | D:8      | Found a runed translucent gate.
  7463 | D:8      | Noticed kalagan's ghost (novice DECj)
  7663 | Lair:1   | Entered Level 1 of the Lair of Beasts
  7677 | D:8      | Gained mutation: You are hated by all. [Ru sacrifice]
  7677 | D:8      | Reached * piety under Ru
  7677 | D:8      | Reached ** piety under Ru
  7807 | D:9      | Found a shimmering blue altar of Sif Muna.
  7817 | D:9      | Noticed a skeletal warrior
  7818 | D:9      | Noticed a skeletal warrior
  7819 | D:9      | Noticed a skeletal warrior
  7857 | D:8      | Mangled by a skeletal warrior

Illustrated notes

Levels and vault maps discovered:
D:1:      giann_forest_graveyard, layout_basic, grunt_decor_clamped,
          chequers_mini_garden, minmay_crystal_water
D:2:      layout_loops_ring
D:3:      layout_loops_ring, serial_shops, shop
D:4:      layout_cave_pods, minmay_small_thing
D:5:      layout_rooms, lightli_temple_of_fire, portal_sewer_entry_e,
          serial_shops, kennysheep_mini_moat, uniq_blork_the_orc,
          uniq_eustachio, uniq_grinder
D:6:      layout_cave_pods, uniq_prince_ribbit1, uniq_sigmund, uniq_duvessa,
          uniq_edmund
D:7:      layout_basic, xom_teletrap_fun, minmay_temple_entry_overgrown,
          minmay_misc_feat_secret_circle, chequers_serial_rivers_micro_b
D:8:      layout_rooms, tgw_fedhas, trog_three_pillars_becter,
          mainiacjoe_overflow_brackets, gammafunk_ghost_necromancy,
          mrwooster_statue_mirror, uniq_joseph, uniq_pikel
D:9:      layout_grid_maze, mainiacjoe_overflow_cross_hatched,
          nicolae_dithmenos_shadow_blocks, nemelex_xobeh_ov_fountains_minmay,
          mainiacjoe_overflow_chevrons, serial_shops, nicolae_shop_behind_doors,
          shop, minivault_12, uniq_grum, uniq_gastronok
Temple:   hellmonk_temple_forest_ring
Lair:1:   beast_lair_carwin_large_4, layout_layer_cave,
          infiniplex_staircase_pool_2

Skill      XL: |  1  2  3  4  5  6  7  8  9 10 |
---------------+-------------------------------+-----
Armour         | 4 5 |  5.6
Shields        | 4 5 |  5.6
Fighting       | 4 5 |  5.7
Short Blades   | 4 7 10 11 | 11.1
Maces & Flails | 10 12 | 12.4

Action                     |  1- 3 |  4- 6 |  7- 9 | 10-12 || total
---------------------------+-------+-------+-------+-------++-------
  Melee: Flail             |    91 |    75 |   130 |    67 ||   363
         Headbutt          |    13 |    11 |    62 |    25 ||   111
         Short sword       |       |    27 |   259 |       ||   286
 Invoke: Sacrifice Love    |       |       |       |     1 ||     1
    Use: Scroll            |       |       |     8 |       ||     8
 Armour: Scale mail        |    55 |       |     9 |    32 ||    96
         Chain mail        |     9 |     3 |       |       ||    12
         Plate armour      |       |    59 |   294 |       ||   353
         Leather armour    |       |       |       |     3 ||     3
  Dodge: Dodged            |    41 |    24 |    93 |     9 ||   167
  Block: Buckler           |    18 |    22 |    74 |     5 ||   119
